 Dungeon Crawl Stone Soup version bcrawl-1.12.1 (webtiles) character file.

Game seed: 11758877526701717596

48243 Chiseanne the Carver (level 14, 0/130 HPs)
             Began as a Troll Archaeologist on July 11, 2019.
             Was the Champion of Okawaru.
             Slain by a salamander
             ... wielding a +0 spear
              (9 damage)
             ... on level 2 of the Lair of Beasts on July 12, 2019.
             The game lasted 01:03:28 (14902 turns).

Chiseanne the Carver (Troll Archaeologist)         Turns: 14902, Time: 01:03:28

Health: 0/130      AC: 14    Str: 26    XL:     14   Next: 11%
Magic:  18/18      EV: 16    Int: 11    God:    Okawaru [******]
Gold:   2354       SH:  3    Dex: 12    Spells: 13/13 levels left

rFire    . . .     SeeInvis .   a - +9 sword of Zonguldrok {reap}
rCold    . . .     Gourm    +   (no shield)
rNeg     + + .     Faith    +   (armour unavailable)
rPois    .         Spirit   .   b - +2 hat
rElec    +         Reflect  .   O - +1 cloak of Tulips {rN+ Str+4}
rCorr    .         Harm     .   (gloves unavailable)
MR       +....                  (boots unavailable)
Stlth    ++........             I - amulet of faith
HPRegen  1.11/turn              d - ring of positive energy
MPRegen  0.16/turn              B - ring of insulation

@: very slightly contaminated
A: large, almost no armour, unfitting armour, claws 3, fast metabolism 3,
gourmand, regeneration 2, AC +10
a: Heroism, Finesse, Renounce Religion


You were on level 2 of the Lair of Beasts.
You worshipped Okawaru.
Okawaru was exalted by your worship.
You were completely stuffed.

You visited 4 branches of the dungeon, and saw 17 of its levels.
You also visited: Bailey.

You collected 2354 gold pieces.

Inventory:

Hand Weapons
 a - the +9 sword of Zonguldrok (weapon) {reap} If a monster killed with it leaves a corpse in good enough shape, the corpse will be animated as a zombie friendly to the killer.
 m - a +2 triple sword of holy wrath {god gift}
 s - a +1 great sword of electrocution {god gift}
 M - a +1 giant spiked club of electrocution
Missiles
 e - 160 silver javelins {god gift}
 h - 2162 bolts
 l - 160 tomahawks of dispersal {god gift, !f}
 o - 396 javelins
 H - a throwing net {!f}
 S - 55 large rocks (quivered)
Armour
 b - a +2 hat (worn)
 j - the +0 hat "Ymuora" {god gift, Regen+ rCorr}
   (Okawaru gifted it to you on level 5 of the Lair of Beasts)

   It increases your rate of regeneration.
   It provides partial protection from all sources of acid and corrosion.
 q - a scarf of repulsion {god gift}
 C - a scarf of resistance {god gift}
 O - the +1 cloak of Tulips (worn) {rN+ Str+4}
   (You found it on level 7 of the Dungeon)

   It affects your strength (+4).
   It protects you from negative energy.
 Y - a scarf of cloud immunity {god gift}
Jewellery
 d - a ring of positive energy (left claw)
 t - an uncursed ring of protection from fire
 B - a ring of insulation (right claw)
 I - an amulet of faith (around neck)
 N - an uncursed amulet of guardian spirit
 Z - an uncursed ring of resist corrosion
Wands
 k - a wand of acid (5)
 v - a wand of paralysis (8)
 E - a wand of iceblast (11)
 F - a wand of random effects (1)
 G - a wand of scattershot (6)
 K - a wand of clouds (3)
 Q - a wand of disintegration (7)
Scrolls
 r - 7 scrolls of identify
 u - 4 scrolls of teleportation
 x - 2 scrolls of amnesia
 y - 2 scrolls of magic mapping
 D - 5 scrolls of remove curse
 P - a scroll of fog
 V - 2 scrolls of enchant armour
 W - a scroll of immolation
 X - a scroll of blinking
Potions
 c - a potion of magic
 g - 3 potions of mutation
 i - a potion of heal wounds
 n - 2 potions of lignification
 p - a potion of cancellation
 z - 3 potions of ambrosia
 A - 3 potions of flight
 J - 2 potions of brilliance
 L - 2 potions of curing
Miscellaneous
 U - a fan of gales
Comestibles
 f - 25 rations {!d}


   Skills:
 - Level 6.2 Fighting
 * Level 12.8 Long Blades
 - Level 1.0 Maces & Flails
 * Level 9.9 Throwing
 * Level 11.7 Dodging
 - Level 1.7 Stealth
 - Level 7.1 Invocations


You had 13 spell levels left.
You didn't know any spells.
Your spell library contained the following spells:

 Spells                   Type           Power        Failure   Level  Hunger
 Magic Dart               Conj           #...         34%         1    ##.....
 Slow                     Hex            #.......     34%         1    ##.....
 Blink                    Tloc           N/A          47%         2    ###....
 Call Imp                 Summ           #.......     47%         2    ###....
 Conjure Flame            Conj/Fire      #.......     71%         3    ####...
 Mephitic Cloud           Conj/Pois/Air  #.......     71%         3    ####...


Dungeon Overview and Level Annotations

Branches:
Dungeon (9/12)             Temple (1/1) D:5            Lair (6/6) D:9
  Swamp (0/3) Lair:4        Snake (1/3) Lair:2        Slime (0/5) Lair:6
    Orc: D:8-11

Altars:
Ashenzari
Cheibriados
Dithmenos
Elyvilon
Fedhas
Gozag
Hepliaklqana
Kikubaaqudgha
Lugonu
Makhleb
Nemelex Xobeh
Okawaru
Qazlal
Ru
Sif Muna
Trog
Uskayaw
Vehumet
Wu Jian
Xom
Yredelemnul
Zin
The Shining One

Shops:
D:4 [

Annotations:
Lair:2 exclusion: 2 oklob plants


Innate Abilities, Weirdness & Mutations

You cannot wear most types of armour.
Your thick skin is tough. (AC +10)
You are too large for most types of armour.
You have claws for hands.
Your metabolism is lightning-fast.
You like to eat raw meat.
You heal very quickly.


Message History

You escape the anaconda's grasp.
You are very lightly contaminated with residual magic.
As you read the scroll of blinking, it crumbles to dust.
Throwing (i - inventory. (/) - cycle)
S - 57 large rocks (quivered)
Press: ? - help, Shift-Dir - straight line, f - anaconda
Aim: an anaconda (translocational energy, lightly wounded)
You throw a large rock. The large rock hits the anaconda!!!
The anaconda is severely wounded.
Throwing (i - inventory. (/) - cycle)
S - 56 large rocks (quivered)
Press: ? - help, Shift-Dir - straight line, f/p - anaconda
Aim: an anaconda (severely wounded)
You throw a large rock. The large rock hits the anaconda!!!
You kill the anaconda!
Okawaru accepts your kill. Something appears at your feet!
Okawaru grants you ammunition!
The salamander hits you from afar with a +0 spear!
* * * LOW HITPOINT WARNING * * *
You are engulfed in flames!
You die...

### ### ### ####.##### #.####
###.### ###
#.##.P.#.#####.#PP###..##P####.##
.................................
....Z...........@................
####.#.........##.##.#.......#.P.
.#.#.##.#......###N###...........
##.............#..(.##......#....
.......##......#....##...........
##.............N#.Z.##......#....
#......P#.......†...##......#....
.#........≈≈≈≈≈..Z..........#....
##.....P.≈≈≈≈≈≈≈....P#...........


You could see a salamander.

Vanquished Creatures
  3 dire elephants (Lair:6)
  A centaur warrior (D:8)
  2 hydras (Lair:6)
  2 anacondas
  2 catoblepae
  An alligator (Lair:6)
  5 death yaks
  2 two-headed ogres
  2 orc knights (Bailey)
  2 cyclopes (D:9)
  12 elephants
  6 black mambas
  8 cane toads
  2 rime drakes (Lair:2)
  8 komodo dragons
  5 yaktaurs (D:9)
  A polar bear (Lair:3)
  A troll (D:9)
  6 blink frogs (Lair:3)
  A slime creature (Lair:5)
  7 dream sheep
  2 hippogriffs
  A wraith (D:9)
  2 wyverns (D:9)
  3 basilisks
  A hungry ghost (D:8)
  22 yaks
  4 nagas (Lair:2)
  7 water moccasins
  13 porcupines
  2 black bears
  An ice beast (D:8)
  A sky beast (D:9)
  A hornet zombie (D:8)
  5 ogres
  34 wolves
  4 orc warriors
  8 centaurs
  7 crocodiles
  4 bullfrogs
  A wyvern zombie (D:9)
  A water moccasin zombie (D:7)
  A scorpion (D:3)
  6 killer bees (D:9)
  9 wights
  5 electric eels
  A vampire bat (Lair:4)
  A howler monkey (D:5)
  4 crimson imps
  A centaur zombie (D:7)
  A quasit (D:6)
  9 jellies
  A hound (D:5)
  An orc priest (D:2)
  2 bullfrog skeletons
  3 iguanas
  2 centaur skeletons
  3 orc wizards
  2 worker ants (D:5)
  A killer bee zombie (D:5)
  2 hound skeletons
  A gnoll (Bailey)
  A worker ant zombie (D:5)
  8 adders
  A shadow imp (D:5)
  9 oozes
  4 worms
  3 dart slugs
  5 leopard geckos
  26 orcs
  A giant cockroach (D:2)
  7 goblins
  15 hobgoblins
  8 jackals
  23 kobolds
  4 quokkas
  A ball python (D:1)
  6 bats
  7 frilled lizards
  8 rats
  A fungus (Lair:2)
  5 plants
402 creatures vanquished.

Vanquished Creatures (collateral kills)
  A dire elephant (Lair:6)
  2 hydras (Lair:6)
  3 death yaks (Lair:5)
  5 elephants
  A black mamba (Lair:6)
  2 cane toads (Lair:5)
  A komodo dragon (Lair:1)
  A rime drake (Lair:2)
  3 blink frogs (Lair:3)
  6 dream sheep (Lair:5)
  2 yaks
  3 porcupines
  5 water moccasins
  An ice beast (D:9)
  6 wolves
  2 crocodiles
  3 centaurs (Lair:2)
  A bullfrog (Lair:5)
  A killer bee (D:9)
  An electric eel (Lair:5)
  A centaur zombie (D:7)
  A jelly (D:7)
  An orc wizard (D:8)
  A hound (D:8)
  A bullfrog skeleton (D:8)
  An orc (D:9)
  A goblin (Bailey)
  2 jackals (D:8)
  A bush (Lair:5)
  7 fungi
  A plant (Lair:3)
68 creatures vanquished.

Vanquished Creatures (others)
  14 fungi
  18 plants
32 creatures vanquished.

Grand Total: 502 creatures vanquished

Notes
Turn   | Place    | Note
-------+----------+-------------------------------------------
     0 | D:1      | Chiseanne the Troll Archaeologist began the quest for the
                  | Orb.
     0 | D:1      | Reached XP level 1. HP: 18/18 MP: 0/0
    11 | D:1      | Reached skill level 1 in Fighting
   213 | D:1      | Reached XP level 2. HP: 27/28 MP: 1/1
   518 | D:1      | Reached XP level 3. HP: 36/36 MP: 2/2
   767 | D:2      | Reached skill level 1 in Long Blades
   777 | D:2      | Found a faded altar of an unknown god.
   880 | D:2      | Found a stormy altar of Qazlal.
   940 | D:2      | Reached skill level 2 in Long Blades
  1132 | D:2      | Gained mutation: Your natural rate of healing is unusually
                  | fast. [Troll growth]
  1132 | D:2      | Reached XP level 4. HP: 26/44 MP: 3/3
  1149 | D:2      | Reached skill level 3 in Long Blades
  1435 | D:2      | Reached skill level 4 in Long Blades
  1435 | D:2      | Reached XP level 5. HP: 25/50 MP: 4/4
  1971 | D:3      | Reached skill level 5 in Long Blades
  2229 | D:4      | Noticed an ogre
  2232 | D:4      | Killed an ogre
  2232 | D:4      | Reached skill level 6 in Long Blades
  2232 | D:4      | Reached XP level 6. HP: 59/59 MP: 5/5
  2501 | D:4      | Found Obezatakh's Armour Emporium.
  2759 | D:5      | Entered Level 5 of the Dungeon
  2865 | D:5      | Found a blossoming altar of Fedhas.
  2874 | D:5      | Reached XP level 7. HP: 44/66 MP: 6/6
  2940 | D:5      | Found a staircase to the Ecumenical Temple.
  3055 | D:5      | Reached skill level 1 in Throwing
  3139 | D:5      | Got a brightly glowing whip
  3678 | D:6      | Identified the +5 whip of Fortitude {drain, Int+2} (You
                  | found it on level 5 of the Dungeon)
  3950 | Temple   | Entered the Ecumenical Temple
  4079 | Temple   | Became a worshipper of Warmaster Okawaru
  4154 | D:7      | Noticed a two-headed ogre
  4160 | D:7      | Killed a two-headed ogre
  4160 | D:7      | Reached * piety under Okawaru
  4160 | D:7      | Reached ** piety under Okawaru
  4160 | D:7      | Reached skill level 7 in Long Blades
  4160 | D:7      | Reached XP level 8. HP: 78/78 MP: 7/7
  4465 | D:7      | Found a white marble altar of Elyvilon.
  4476 | D:7      | Reached *** piety under Okawaru
  4726 | D:7      | Noticed a hippogriff
  4733 | D:7      | Killed a hippogriff
  4733 | D:7      | Reached skill level 5 in Fighting
  4733 | D:7      | Reached skill level 5 in Dodging
  4733 | D:7      | Reached XP level 9. HP: 82/88 MP: 8/8
  4910 | D:7      | Got a heavily runed cloak
  5025 | D:8      | Noticed a centaur warrior
  5030 | D:8      | Killed a centaur warrior
  5030 | D:8      | Reached **** piety under Okawaru
  5030 | D:8      | Reached skill level 8 in Long Blades
  5484 | D:8      | Reached ***** piety under Okawaru
  5731 | D:9      | Found a flagged portal.
  5753 | D:9      | Reached XP level 10. HP: 50/98 MP: 9/9
  5763 | Bailey   | Entered a bailey
  5845 | Bailey   | Reached skill level 1 in Invocations
  5877 | Bailey   | Noticed an orc knight
  5878 | Bailey   | Noticed an orc knight
  5880 | Bailey   | Found an iron altar of Okawaru.
  5898 | Bailey   | Killed an orc knight
  5908 | Bailey   | Killed an orc knight
  6003 | D:9      | Noticed a cyclops
  6016 | D:9      | Killed a cyclops
  6016 | D:9      | Received a gift from Okawaru
  6016 | D:9      | Reached skill level 9 in Long Blades
  6052 | D:9      | HP: 3/98 [yaktaur/bolt (22)]
  6232 | D:9      | Noticed a two-headed ogre
  6251 | D:9      | Killed a two-headed ogre
  6502 | D:9      | Noticed a cyclops
  6519 | D:9      | Killed a cyclops
  6519 | D:9      | Reached skill level 5 in Invocations
  6581 | D:9      | Reached XP level 11. HP: 86/105 MP: 13/13
  6711 | D:9      | Received a gift from Okawaru
  6997 | D:9      | Found a staircase to the Lair.
  7412 | Lair:1   | Entered Level 1 of the Lair of Beasts
  7497 | Lair:1   | Reached skill level 10 in Long Blades
  8712 | Lair:2   | Found a staircase to the Snake Pit.
  8756 | Lair:2   | Received a gift from Okawaru
  8842 | Lair:2   | Identified the +1 cloak of Tulips {rN+ Str+4} (You found it
                  | on level 7 of the Dungeon)
  9299 | Lair:2   | Noticed an oklob plant
  9299 | Lair:2   | Noticed an oklob plant
  9372 | Lair:2   | Found a white marble altar of Elyvilon.
  9378 | Lair:2   | Reached skill level 5 in Throwing
  9625 | Lair:3   | Gained mutation: You heal very quickly. [Troll growth]
  9625 | Lair:3   | Reached XP level 12. HP: 38/114 MP: 16/16
  9636 | Lair:3   | Reached ****** piety under Okawaru
  9829 | Lair:3   | Received a gift from Okawaru
  9953 | Lair:3   | Reached skill level 11 in Long Blades
 10866 | Lair:4   | Found a staircase to the Swamp.
 11522 | Lair:5   | Reached skill level 10 in Dodging
 11808 | Lair:5   | Received a gift from Okawaru
 11809 | Lair:5   | Got a pitted hat {god gift}
 11863 | Lair:5   | Identified the +0 hat "Ymuora" {god gift, Regen+ rCorr}
                  | (Okawaru gifted it to you on level 5 of the Lair of Beasts)
 12407 | Lair:6   | Entered Level 6 of the Lair of Beasts
 12411 | Lair:6   | Noticed a death yak
 12491 | Lair:6   | Reached XP level 13. HP: 107/120 MP: 17/17
 12736 | Lair:5   | Received a gift from Okawaru
 12736 | Lair:5   | Reached skill level 12 in Long Blades
 12846 | Lair:5   | Received a gift from Okawaru
 13039 | Lair:6   | Received a gift from Okawaru
 13537 | Lair:6   | Received a gift from Okawaru
 13705 | Lair:6   | Received a gift from Okawaru
 13783 | Lair:6   | Received a gift from Okawaru
 14267 | Lair:6   | Found a staircase to the Slime Pits.
 14565 | Lair:6   | Noticed a dire elephant
 14565 | Lair:6   | Noticed a dire elephant
 14586 | Lair:6   | Noticed a dire elephant
 14597 | Lair:6   | Killed a dire elephant
 14597 | Lair:6   | Reached XP level 14. HP: 50/130 MP: 18/18
 14604 | Lair:6   | Received a gift from Okawaru
 14839 | Snake:1  | Entered Level 1 of the Snake Pit
 14899 | Lair:2   | Received a gift from Okawaru
 14902 | Lair:2   | Slain by a salamander

Skill      XL: |  1  2  3  4  5  6  7  8  9 10 11 12 13 |
---------------+----------------------------------------+-----
Fighting       | 1 2 4 5 6 |  6.2
Long Blades    | 2 4 6 7 8 9 10 11 12 | 12.8
Dodging        | 3 4 5 6 7 9 10 11 | 11.7
Throwing       | 2 3 4 5 7 9 |  9.9
Invocations    | 5 7 |  7.1
Maces & Flails | |  1.0
Stealth        | |  1.7

Action                   |  1- 3 |  4- 6 |  7- 9 | 10-12 | 13-15 || total
-------------------------+-------+-------+-------+-------+-------++-------
Melee: Whip              |    13 |       |       |       |       ||    13
       Unarmed           |   131 |   151 |       |       |       ||   282
       Double sword      |       |    40 |   109 |   494 |   324 ||   967
       Hand axe          |       |       |    37 |    47 |       ||    84
       Giant spiked club |       |       |       |       |    21 ||    21
       Great sword       |       |       |       |       |    12 ||    12
Throw: Large rock        |       |       |       |    45 |    38 ||    83
       Javelin           |       |       |       |     1 |       ||     1
Invok: Heroism           |       |       |       |     3 |       ||     3
       Finesse           |       |       |       |     1 |       ||     1
Evoke: Wand              |       |     2 |     4 |    25 |       ||    31
       Phantom mirror    |       |       |       |       |     1 ||     1
  Use: Scroll            |     1 |     8 |    10 |    14 |     2 ||    35
       Potion            |       |     7 |       |     6 |     5 ||    18
 Stab: Sleeping          |     2 |     4 |     3 |     5 |       ||    14
       Distracted        |       |       |       |     4 |     2 ||     6
  Eat: Chunk             |    13 |     8 |    18 |    43 |    18 ||   100
       Ration            |       |       |     3 |       |       ||     3
Armor: Skin              |    48 |   109 |    73 |   194 |   201 ||   625
Dodge: Dodged            |    89 |   105 |    92 |   408 |   395 ||  1089
Block: Other             |       |       |     6 |    63 |    69 ||   138
